 Dungeon Crawl Stone Soup version 0.26-a0-612-gd4d190f45e (webtiles) character file.

Game seed: 10892481239301663390

48 DogServant the Caller (level 3, 0/19 HPs)
             Began as a Deep Elf Summoner on Sept 10, 2020.
             Was an Initiate of Vehumet.
             Slain by an orc
             ... wielding a +0 trident
              (3 damage)
             ... on level 3 of the Dungeon.
             The game lasted 00:12:39 (3161 turns).

DogServant the Caller (Deep Elf Summoner)           Turns: 3161, Time: 00:12:39

Health: 0/19       AC:  2    Str:  5    XL:     3   Next: 50%
Magic:  3/10       EV: 13    Int: 20    God:    Vehumet [......]
Gold:   130        SH:  0    Dex: 15    Spells: 6/9 levels left

rFire    . . .     SeeInvis .   (no weapon)
rCold    . . .     Faith    .   (no shield)
rNeg     . . .     Spirit   .   a - +0 robe
rPois    .         Reflect  .   (no helmet)
rElec    .         Harm     .   (no cloak)
rCorr    .                      (no gloves)
MR       .....                  (no boots)
Stlth    ++........             (no amulet)
HPRegen  0.06/turn              (no ring)
MPRegen  0.12/turn              (no ring)

@: no status effects
A: no striking features
a: Renounce Religion


You were on level 3 of the Dungeon.
You worshipped Vehumet.
Vehumet was noncommittal.
You visited 1 branch of the dungeon, and saw 3 of its levels.

You collected 130 gold pieces.

Inventory:

Armour
 a - a +0 robe (worn)
 e - a +0 pair of boots
Jewellery
 c - an uncursed ring of protection from fire {unknown}
 g - an uncursed ring of wizardry {unknown}
Scrolls
 b - 2 scrolls of identify {unknown}
 d - 2 scrolls of remove curse {unknown}
 h - a scroll of fog {unknown}
 i - a scroll of amnesia {unknown}
 k - a scroll of teleportation {unknown}
Potions
 f - a potion of ambrosia {unknown}
 j - a potion of lignification {unknown}


   Skills:
 + Level 1.3 Throwing
 + Level 3.1 Dodging
 - Level 2.4 Stealth
 + Level 3.7 Spellcasting
 + Level 4.8 Summonings


You had 6 spell levels left.
You knew the following spells:

 Your Spells              Type           Power        Failure   Level
a - Summon Small Mammal   Summ           ###.         1%          1
b - Call Imp              Summ           ###.....     2%          2

Your spell library contained the following spells:

 Spells                   Type           Power        Failure   Level
 Call Canine Familiar     Summ           ###.....     5%          3
 Summon Guardian Golem    Hex/Summ       ##......     14%         3
 Summon Ice Beast         Ice/Summ       ##......     43%         4
 Summon Lightning Spire   Summ/Air       ##......     43%         4


Dungeon Overview and Level Annotations

Branches:
Dungeon (3/15)

Altars:
Fedhas
Vehumet


Message History

Your crimson imp disappears in a puff of smoke!
The orc barely misses you.
Your crimson imp blinks!
The orc hits you from afar with a +0 trident.
* * * LOW HITPOINT WARNING * * *
The orc shouts!
You hear a shout!
Found a stone staircase leading up.
Your crimson imp closely misses the orc.
Your crimson imp hits the orc but does no damage.
Your crimson imp hits the worm.
An orc comes into view. It is wielding a +0 club.
Your crimson imp barely misses the orc.
Your crimson imp blinks!
Your crimson imp hits the orc but does no damage.
Your crimson imp hits the orc.
Casting: Call Imp (safe; 2% risk of failure)
Confirm with . or Enter, or press ? or * to list all spells.
A beastly little devil appears in a puff of flame.
The orc hits you from afar with a +0 trident.
You die...

.. ..# .####...o#)#.....## ###
#.. .........##5####..# #.#
.####.#.§..#..$#..# #.######.#
#.#.#5.#..(#..# #####.##...#.#
#.#....#..(#..#
.............####.#o.##.####..#
.####.............ow.#.#......#
.#
###.......###..##.##..###.###
## #.........@..#.#...## #.5.5
##...#..#.5##.##..#########
##.##..##.#)#.............
#####........###..÷##########
.....................#
######.#...###.##.#.## ...#...#
#.##.#.# ###.#...###.##.#.#
#.#.......5..#.#


You could see a worm, 2 orcs, 2 friendly crimson imps and a friendly white imp
(summoned).

Vanquished Creatures (collateral kills)
  A gnoll (D:3)
  2 adders
  4 worms (D:2)
  2 leopard geckos
  2 orcs (D:3)
  6 bats
  6 goblins
  3 hobgoblins
  A quokka (D:3)
  A frilled lizard (D:1)
  5 kobolds
  6 rats
39 creatures vanquished.

Notes
Turn   | Place    | Note
-------+----------+-------------------------------------------
     0 | D:1      | DogServant the Deep Elf Summoner began the quest for the
                  | Orb.
     0 | D:1      | Reached XP level 1. HP: 10/10 MP: 6/6
  1258 | D:2      | Reached XP level 2. HP: 14/15 MP: 5/8
  1379 | D:2      | Found a radiant altar of Vehumet.
  1380 | D:2      | Found a blossoming altar of Fedhas.
  1401 | D:2      | Became a worshipper of Vehumet
  1590 | D:2      | Learned a level 2 spell: Call Imp
  1718 | D:2      | Reached skill level 1 in Throwing
  2483 | D:2      | Reached XP level 3. HP: 19/19 MP: 2/10
  3161 | D:3      | Slain by an orc

Illustrated notes

Levels and vault maps discovered:
D:1:      evilmike_arrival_hilbert_curve, layout_basic, corexii_hall_statues_x,
          minmay_misc_feat_plants
D:2:      layout_loops_ring, gammafunk_temple_overflow_pools,
          chequers_mini_garden
D:3:      layout_loops_ring, grunt_temple_overflow_gold_and_silver,
          minmay_vboxes

Skill      XL: |  1  2 |
---------------+-------+-----
Throwing       | 1 |  1.3
Dodging        | 3 |  3.1
Stealth        | |  2.4
Spellcasting   | |  3.7
Summonings     | |  4.8

Action                   || total
-------------------------++-------
Melee: Unarmed           ||    10
 Cast: Summon Small Mamm ||    61
       Call Imp          ||    44
 Stab: Sleeping          ||     1
Armor: Robe              ||    12
Dodge: Dodged            ||    50

Table legend: (Time is in decaauts)
 A = Elapsed time spent in this place.
 B = Non-inter-level travel time spent in this place.
 C = Inter-level travel time spent in this place.
 D = Time resting spent in this place.
 E = Time spent auto-exploring this place.
 F = Levels seen in this place.
 G = Mean time per level.
                   A        B        C        D        E       F      G
               +--------+--------+--------+--------+--------+-----+--------+
         Total |   3160 |   3115 |     45 |    205 |   2228 |   3 | 1053.3 |
       Dungeon |   3160 |   3115 |     45 |    205 |   2228 |   3 | 1053.3 |
               +--------+--------+--------+--------+--------+-----+--------+

Top non-repeatable levels by time:
     D:2: 1381 daAuts
     D:1: 1236 daAuts
     D:3: 542 daAuts
